 Dungeon Crawl Stone Soup version 0.28-a0-172-g787e458d71 (webtiles) character file.

Game seed: 7419113415323935215

55 frimble the Slasher (level 3, 0/31 HPs)
             Began as a Minotaur Warper on Aug 17, 2021.
             Succumbed to a goblin's poison
             ... on level 1 of the Dungeon.
             The game lasted 00:03:03 (2231 turns).

frimble the Slasher (Minotaur Warper)               Turns: 2231, Time: 00:03:04

Health: 0/31       AC:  5    Str: 15    XL:     3   Next: 67%
Magic:  4/4        EV: 12    Int: 10    God:
Gold:   109        SH:  0    Dex: 10    Spells: 4/4 levels left

rFire   . . .      SeeInvis .   a - +0 falchion
rCold   . . .      Faith    .   (no shield)
rNeg    . . .      Spirit   .   b - +0 leather armour
rPois   .          Reflect  .   (helmet restricted)
rElec   .          Harm     .   (no cloak)
rCorr   .          Rampage  .   (no gloves)
Will    .....                   i - +1 pair of boots
Stlth   +.........              (no amulet)
HPRegen 0.10/turn               (no ring)
MPRegen 0.09/turn               (no ring)

@: lethally poisoned (0 -> -5), about to teleport
A: horns 2, retaliatory headbutt
a: no special abilities


You were on level 1 of the Dungeon.
You visited 1 branch of the dungeon, and saw 3 of its levels.

You collected 109 gold pieces.

Inventory:

Hand Weapons
 a - a +0 falchion (weapon)
 j - a +2 dagger of venom
Missiles
 d - 3 boomerangs of dispersal (quivered)
Armour
 b - a +0 leather armour (worn)
 i - a +1 pair of boots (worn)
Jewellery
 h - a ring of fire
Scrolls
 c - 2 scrolls of blinking


   Skills:
 + Level 3.0 Fighting
 * Level 3.4 Long Blades
 + Level 1.6 Throwing
 - Level 1.2 Armour
 + Level 2.7 Dodging
 - Level 1.3 Spellcasting
 + Level 2.4 Translocations


You had 4 spell levels left.
You didn't know any spells.
Your spell library contained the following spells:

 Spells                   Type           Power      Damage    Failure   Level
 Blink                    Tloc           N/A        N/A       22%         2
 Gell's Gravitas          Tloc           2%         N/A       41%         3
 Lesser Beckoning         Tloc           2%         N/A       41%         3
 Teleport Other           Tloc           5%         N/A       41%         3
 Manifold Assault         Tloc           5%         N/A       99%         5


Dungeon Overview and Level Annotations

Branches:
Dungeon (3/15)

Altars:

Annotations:
D:2 1 runed translucent door, Crazy Yiuf
D:3 Grinder


Innate Abilities, Weirdness & Mutations

You have a pair of horns on your head.
You reflexively headbutt those who attack you in melee.


Message History

The goblin hits you with a +2 dagger of venom.
You are more poisoned.
You hit the goblin.
The goblin is heavily wounded.
You feel very sick. The goblin hits you but does no damage.
You are lethally poisoned!
You are too injured to fight recklessly!
You are too injured to fight recklessly!
You are too injured to fight recklessly!
You are too injured to fight recklessly!
You are too injured to fight recklessly!
You are too injured to fight recklessly!
You are too injured to fight recklessly!
You slash the goblin!
You kill the goblin!
You feel extremely sick.
You feel very sick.
Things that are here:
a +2 dagger of venom; a goblin corpse
j - a +2 dagger of venom
* * * LOW HITPOINT WARNING * * *
You feel very sick.
You aren't carrying any potions.
As you read the scroll labelled VYGIUJ IKOHONO, it crumbles to dust.
Wisps of shadow whirl around you...
It was a scroll of summoning.
* * * LOW HITPOINT WARNING * * *
You feel very sick.
As you read the scroll labelled UJOIBIOMAE, it crumbles to dust.
You feel strangely unstable.
It was a scroll of teleportation.
* * * LOW HITPOINT WARNING * * *
You feel very sick.
As you read the scroll labelled BECEUF DEVVYR, it crumbles to dust.
It is a scroll of enchant armour.
Your +0 pair of boots glows green for a moment.
* * * LOW HITPOINT WARNING * * *
You feel sick.
* * * LOW HITPOINT WARNING * * *
You feel sick.
You die...

#.#
###########.##....#####.
#.# #.#####.# . ##.# #.#
#.# #.)# #####.# #.#
##.######## #.†...# #.#
..g.l.K...# #.##### .#
#########.# #r#
........#.# #b#
##.####.#.### #@#
......#.#...# #r#
#####.#.#.#.# #.#
#...#.#.#g#.# #.#
#...#.#.#[#.# #.#
#.<...#.'l#.####.# #
#...#.#.#.#...##.# .#
#...#.#.#K###.##.#
####.#### #####.#.#.#
#.##.#####........


You could see a friendly bat (summoned) and 2 friendly rats.

Vanquished Creatures
  A gnoll (D:1)
  A worm (D:2)
  2 dart slugs (D:2)
  An orc (D:2)
  5 ball pythons
  6 bats
  A giant cockroach (D:1)
  A goblin (D:1)
  2 hobgoblins (D:2)
  4 jackals
  5 kobolds
  A quokka (D:2)
  A frilled lizard (D:1)
  7 rats
38 creatures vanquished.

Vanquished Creatures (others)
  A fungus (D:1)
  2 plants (D:1)
3 creatures vanquished.

Grand Total: 41 creatures vanquished

Notes
Turn   | Place    | Note
-------+----------+-------------------------------------------
     0 | D:1      | frimble the Minotaur Warper began the quest for the Orb.
     0 | D:1      | Reached XP level 1. HP: 18/18 MP: 1/1
   121 | D:1      | Reached XP level 2. HP: 12/25 MP: 3/3
   483 | D:2      | You fall into a shaft and drop 1 floor!
  1119 | D:2      | Reached XP level 3. HP: 24/30 MP: 4/4
  1578 | D:2      | Found a runed translucent door.
  1579 | D:2      | Noticed Crazy Yiuf
  1790 | D:3      | Noticed Grinder
  1944 | D:1      | Found a faded altar of an unknown god.
  2230 | D:1      | HP: 1/31 [poisoned by a goblin]
  2231 | D:1      | Succumbed to a goblin's poison

Illustrated notes

Levels and vault maps discovered:
D:1:      matt_arrival_refuge, layout_loops_ring,
          shapermc_ecumenical_altar_acropolis, minmay_pentomino_r2
D:2:      layout_basic, minmay_misc_feat_rugged, serial_park_tiny_pond,
          columned_hall_lemuel, minmay_cupped, uniq_crazy_yiuf_cottage
D:3:      layout_loops_cross, xom_teletrap_fun, dk_noncrumbling_3, uniq_natasha,
          uniq_grinder

Skill      XL: |  1  2  3 |
---------------+----------+-----
Long Blades    | 3 |  3.4
Fighting       | 3 |  3.0
Throwing       | |  1.6
Armour         | |  1.2
Dodging        | |  2.7
Spellcasting   | |  1.3
Translocations | |  2.4

Action                   || total
-------------------------++-------
Melee: Falchion          ||    83
       Headbutt          ||    10
Throw: Boomerang         ||     2
  Use: Scroll            ||     3
Armor: Leather armour    ||    35
Dodge: Dodged            ||    69
       Rpst.: Falchion   ||    11

Table legend: (Time is in decaauts)
 A = Elapsed time spent in this place.
 B = Non-inter-level travel time spent in this place.
 C = Inter-level travel time spent in this place.
 D = Time resting spent in this place.
 E = Time spent auto-exploring this place.
 F = Levels seen in this place.
 G = Mean time per level.
                   A        B        C        D        E       F      G
               +--------+--------+--------+--------+--------+-----+--------+
         Total |   2245 |   2179 |     66 |      0 |   1790 |   3 |  748.3 |
       Dungeon |   2245 |   2179 |     66 |      0 |   1790 |   3 |  748.3 |
               +--------+--------+--------+--------+--------+-----+--------+

Top non-repeatable levels by time:
     D:2: 1525 daAuts
     D:1: 646 daAuts
     D:3: 73 daAuts
